 Dungeon Crawl Stone Soup version 0.28-a0-1396-gdcb3f3653b (webtiles) character file.

Game seed: 17526169841776192711

212 Lekart the Skirmisher (level 5, 0/46 HPs)
             Began as a Draconian Fighter on Jan 5, 2022.
             Slain by a kobold (4 damage)
             ... on level 4 of the Dungeon.
             The game lasted 00:03:47 (3022 turns).

Lekart the Skirmisher (Draconian Fighter)           Turns: 3022, Time: 00:03:48

Health: 0/46       AC:  6    Str: 18    XL:     5   Next: 58%
Magic:  5/5        EV: 13    Int:  8    God:
Gold:   97         SH:  6    Dex: 13    Spells: 4/4 levels left

rFire   . . .      SeeInvis .   a - +0 long sword
rCold   . . .      Faith    .   b - +1 buckler
rNeg    . . .      Spirit   .   (armour unavailable)
rPois   .          Reflect  .   (helmet restricted)
rElec   .          Harm     .   (no cloak)
rCorr   .          Rampage  .   e - +0 pair of gloves
Will    .....                   (no boots)
Stlth   ++........              (no amulet)
HPRegen 0.15/turn               (no ring)
MPRegen 0.09/turn               (no ring)

@: hasted, very quick
A: AC +5, unfitting armour, cold-blooded
a: no special abilities


You were on level 4 of the Dungeon.
You visited 1 branch of the dungeon, and saw 4 of its levels.

You collected 97 gold pieces.

Inventory:

Hand Weapons
 a - a +0 long sword (weapon)
Armour
 b - a +1 buckler (worn)
 e - a +0 pair of gloves (worn)
Scrolls
 h - a scroll of holy word
 i - a scroll of magic mapping {unknown}
 k - a scroll of identify
Potions
 c - a potion of might
 f - a potion of invisibility
 l - 2 potions of degeneration {unknown}


   Skills:
 + Level 4.2 Fighting
 + Level 3.9 Long Blades
 + Level 3.7 Dodging
 + Level 0.8 Stealth
 + Level 3.5 Shields


You had 4 spell levels left.
You didn't know any spells.
Your spell library was empty.

Dungeon Overview and Level Annotations

Branches:
Dungeon (4/15)
 Temple: D:4-7

Altars:

Shops:
D:1 *:


Innate Abilities, Weirdness & Mutations

Your plain brown scales are hard. (AC +5)
You cannot fit into any form of body armour.
You are cold-blooded and may be slowed by cold attacks.


Message History

You are confused.
You feel invigorated.
A kobold comes into view. It is wielding a +0 club.
The kobold hits you but does no damage. The kobold barely misses you.
The kobold hits you but does no damage. The kobold brigand barely misses you.
The kobold moves out of view.
It was a potion of haste.
You feel yourself speed up.
The kobold hits you with a +0 short sword.
* * * LOW HITPOINT WARNING * * *
The kobold completely misses you.
The kobold hits you but does no damage. x2
The kobold brigand hits you with a +4 short sword!
* * * LOW HITPOINT WARNING * * *
It was a potion of curing.
You feel better.
You feel less invigorated. The kobold hits you but does no damage.
You block the kobold's attack. The kobold hits you but does no damage.
You block the kobold's attack.
You hit the kobold brigand.
The kobold brigand is almost dead.
You block the kobold brigand's attack.
A kobold comes into view. It is wielding a +0 club.
You block the kobold's attack. The kobold barely misses you.
You closely miss the kobold brigand.
You tail-slap the kobold brigand, but do no damage.
The kobold brigand is almost dead.
The kobold hits you with a +0 short sword.
* * * LOW HITPOINT WARNING * * *
You block the kobold's attack.
The kobold brigand hits you with a +4 short sword.
* * * LOW HITPOINT WARNING * * *
You completely miss the kobold brigand.
The kobold brigand is almost dead.
The kobold barely misses you. The kobold hits you with a +0 dagger.
* * * LOW HITPOINT WARNING * * *
The kobold closely misses you.
The kobold hits you with a +0 short sword.
* * * LOW HITPOINT WARNING * * *
You block the kobold brigand's attack.
You hit the kobold brigand.
The kobold brigand is almost dead.
The kobold hits you with a +0 short sword.
You die... #...# ##... ####### ♣♣ ♣... .... #.....##PP# ##.... .##.###......P# #PPK.. ......†.....P♣# PP...

.##.#####)#### KK.♣
###.#####.#####♣♣KK♣
............#.♣PKKK#
..########..#♣.K@K#
..## #..♣.P♣K##
...#######....♣###
...#....##..♣##
........##..#
........###..
........# ###
<..###### ####


You could see a kobold brigand and 10 kobolds.

Vanquished Creatures
  A phantom (D:3)
  Jessica (D:2)
  A scorpion zombie (D:3)
  An adder (D:2)
  A worm (D:3)
  3 dart slugs
  8 bats
  6 endoplasms
  A giant cockroach (D:1)
  4 goblins (D:3)
  8 hobgoblins
  17 kobolds
  A quokka (D:1)
  5 ball pythons
  A frilled lizard (D:1)
  7 rats
66 creatures vanquished.

Vanquished Creatures (others)
  17 plants (D:4)
17 creatures vanquished.

Grand Total: 83 creatures vanquished

Notes
Turn   | Place    | Note
-------+----------+-------------------------------------------
     0 | D:1      | Lekart the Draconian Fighter began the quest for the Orb.
     0 | D:1      | Reached XP level 1. HP: 19/19 MP: 1/1
   282 | D:1      | Found Hadi's Book Boutique.
   308 | D:1      | Found a faded altar of an unknown god.
   313 | D:1      | Reached XP level 2. HP: 26/26 MP: 2/2
   949 | D:1      | Found Acimm's Assorted Antiques.
   986 | D:1      | Reached XP level 3. HP: 31/33 MP: 3/3
  1365 | D:2      | Noticed Jessica
  1378 | D:2      | Killed Jessica
  1711 | D:2      | Reached XP level 4. HP: 30/40 MP: 4/4
  2721 | D:3      | Identified the +2 leather armour of Hairiness {*Slow Int+4}
  2763 | D:3      | Noticed a phantom
  2773 | D:3      | Killed a phantom
  2774 | D:3      | Reached skill level 4 in Fighting
  2774 | D:3      | Reached XP level 5. HP: 46/46 MP: 5/5
  3022 | D:4      | Slain by a kobold

Illustrated notes

Levels and vault maps discovered:
D:1:      heliophobic_arrival_glass_houses, layout_loops_corners, serial_shops,
          shop, shop_statue, shapermc_ecumenical_altar_totnotflames,
          minmay_pentomino_s2
D:2:      layout_rooms, uniq_jessica, uniq_crazy_yiuf_cottage
D:3:      layout_loops_ring
D:4:      kennysheep_kobold_camp, layout_basic, uniq_pikel, uniq_blork_the_orc

Skill      XL: |  1  2  3  4 |
---------------+-------------+-----
Dodging        | 3 |  3.7
Long Blades    | 3 |  3.9
Fighting       | 4 |  4.2
Stealth        | |  0.8
Shields        | |  3.5

Action                   |  1- 3 |  4- 6 || total
-------------------------+-------+-------++-------
Melee: Long sword        |    74 |   105 ||   179
       Tailslap          |     8 |    16 ||    24
  Use: Scroll            |     1 |     4 ||     5
       Potion            |       |     3 ||     3
 Stab: Sleeping          |     2 |       ||     2
Armor: Skin              |    30 |    49 ||    79
Dodge: Dodged            |    48 |    76 ||   124
Block: Buckler           |    16 |    36 ||    52

Table legend: (Time is in decaauts)
 A = Elapsed time spent in this place.
 B = Non-inter-level travel time spent in this place.
 C = Inter-level travel time spent in this place.
 D = Time resting spent in this place.
 E = Time spent auto-exploring this place.
 F = Levels seen in this place.
 G = Mean time per level.
                   A        B        C        D        E       F      G
               +--------+--------+--------+--------+--------+-----+--------+
         Total |   3076 |   2984 |     92 |     28 |   2464 |   4 |  769.0 |
       Dungeon |   3076 |   2984 |     92 |     28 |   2464 |   4 |  769.0 |
               +--------+--------+--------+--------+--------+-----+--------+

Top non-repeatable levels by time:
     D:1: 1317 daAuts
     D:2: 895 daAuts
     D:3: 784 daAuts
     D:4: 78 daAuts
